 Dungeon Crawl Stone Soup version 0.30-a0-626-gd6a5dd7a1f (webtiles) character file.

Game seed: 16498926974494053982

3035 Newt the Sneak (level 9, -4/69 HPs)
             Began as a Demonspawn Gladiator on Jan 11, 2023.
             Was an Elder of Fedhas.
             Slain by Joseph
             ... wielding a +1 quarterstaff of distortion
              (15 damage)
             ... on level 7 of the Dungeon.
             The game lasted 00:07:52 (6934 turns).

Newt the Sneak (Demonspawn Gladiator)               Turns: 6934, Time: 00:07:52

Health: -4/69      AC:  7    Str: 18    XL:     9   Next: 56%
Magic:  9/9        EV: 18    Int: 10    God:    Fedhas [****..]
Gold:   499        SH:  0    Dex: 17    Spells: 8/8 levels left

rFire   . . .      SeeInvis .    G - +4 dagger (heavy)
rCold   . . .      Faith    .    (no shield)
rNeg    + . .      Spirit   .    j - +0 acid dragon scales
rPois   .          Reflect  .    (no helmet)
rElec   .          Harm     .    d - +2 cloak {Stlth+}
rCorr   +          Rampage  .    (no gloves)
Will    .....                    (no boots)
Stlth   +++++                    (no amulet)
HPRegen 0.31/turn                k - ring of positive energy
MPRegen 0.11/turn                F - +5 ring of evasion

@: no status effects
A: claws 1, thin skeletal structure 1, foul stench 1, spiny 2, deformed body
a: Renounce Religion, Wall of Briars, Grow Ballistomycete, Overgrow


You were on level 7 of the Dungeon.
You worshipped Fedhas.
Fedhas was greatly pleased with you.
You visited 1 branch of the dungeon, and saw 7 of its levels.

You collected 499 gold pieces.

Inventory:

Hand Weapons
 a - a +1 rapier of draining
 x - a +0 sling of freezing
 C - a +0 trident
 G - a +4 heavy dagger (weapon)
Missiles
 p - 2 throwing nets (quivered)
 s - a javelin
 D - a boomerang
Armour
 b - a +0 leather armour
 c - a +1 helmet
 d - a +2 cloak of stealth (worn)
 j - +0 acid dragon scales (worn)
Jewellery
 k - a ring of positive energy (left claw)
 r - a ring of fire
 F - a +5 ring of evasion (right claw)
Wands
 u - a wand of polymorph (17)
Scrolls
 e - 2 scrolls of brand weapon
 i - 4 scrolls of teleportation
 n - 2 scrolls of fear
 o - 5 scrolls of enchant weapon
 y - a scroll of magic mapping
 E - a scroll of enchant armour
 H - a scroll of fog
 I - a scroll of amnesia
Potions
 f - 2 potions of ambrosia
 g - 3 potions of brilliance
 h - 4 potions of might
 l - a potion of invisibility
 m - 5 potions of curing
 q - 2 potions of flight
 t - a potion of berserk rage
 v - a potion of mutation
 w - a potion of cancellation {unknown}
 z - 2 potions of haste {unknown}
 A - a potion of magic {unknown}
 B - a potion of heal wounds


   Skills:
 - Level 6.0 Fighting
 - Level 6.0 Short Blades
 - Level 1.7 Throwing
 - Level 6.0 Armour
 - Level 4.0 Dodging
 + Level 7.5 Stealth


You had 8 spell levels left.
You didn't know any spells.
Your spell library contained the following spells:

 Spells                   Type           Power      Damage    Failure   Level
 Freeze                   Ice            0%         1d3       43%         1
 Slow                     Hex            0%         N/A       43%         1
 Static Discharge         Conj/Air       0%         2-2/arc   58%         2
 Confusing Touch          Hex            0%         N/A       82%         3
 Mephitic Cloud           Conj/Pois/Air  0%         N/A       82%         3
 Vampiric Draining        Necr           0%         2d6       82%         3
 Vhi's Electric Charge    Tloc/Air       0%         N/A       82%         3
 Summon Lightning Spire   Summ/Air       0%         N/A       99%         4
 Arcjolt                  Conj/Air       0%         1d10      100%        5
 Lightning Bolt           Conj/Air       0%         1d11      100%        5


Dungeon Overview and Level Annotations

Branches:
Dungeon (7/15)             Temple (0/1) D:4

Altars:
Fedhas
Nemelex Xobeh
Qazlal
Trog

Annotations:
D:7 Joseph


Innate Abilities, Weirdness & Mutations

You have sharp fingernails.
You have a somewhat thin skeletal structure. (Dex +2, Stealth+)
You may rarely emit foul miasma when damaged in melee.
You are mostly covered in sharp spines.
Armour fits poorly on your strangely shaped body.


Message History

HP restored.
H - a scroll of fog
Things that are here:
a +0 dagger; a +0 robe You open the door.
There is an open door here.
Found a stone staircase leading down.
Found a robe.
Joseph, a Mercenary comes into view.
He is wielding a +1 quarterstaff of distortion and wearing a +3 leather armour of cold resistance.
There is a stone staircase leading down here.
o - 5 scrolls of enchant weapon (gained 1)
There are no items here.
No target in view!
Found a potion of berserk rage.
You see here a +0 robe.
Found a scroll of teleportation.
Joseph shouts!
Joseph unwields a +1 quarterstaff of distortion.
Its appearance distorts for a moment.
Joseph wields a +0 sling.
Joseph shoots a sling bullet.
The sling bullet hits you!
Joseph shoots a sling bullet.
The sling bullet hits you!
Joseph unwields a +0 sling.
Joseph wields a +1 quarterstaff of distortion.
Its appearance distorts for a moment.
Joseph is struck by your spines. Joseph misses you.
You barely miss Joseph.
Joseph is lightly wounded.
Joseph completely misses you.
You closely miss Joseph.
Joseph is lightly wounded.
Joseph hits you with a +1 quarterstaff of distortion!
Space warps horribly around you!!
You puncture Joseph!
Joseph is lightly wounded.
Joseph is struck by your spines.
Joseph hits you with a +1 quarterstaff of distortion!
* * * LOW HITPOINT WARNING * * *
Space warps horribly around you!
You die...
Fedhas appreciates your contribution to the ecosystem.

......#####
.........#
.?........
........#
.......
#!...# .#
#.@..# .#
#@...# .#
#######
#.#### .#
##.....##
#.# . .#
##..###..#
#.# .# .#
##..## ##.#
#.###.#
.###..##
#.###[...#
.'...##
#...>....#
.#####
####.....#
##
#.........


You could see Joseph.

Vanquished Creatures
  Grinder (D:3)
  Sigmund (D:3)
  An acid dragon (D:5)
  2 ice beasts
  An orc warrior (D:7)
  2 black bears (D:5)
  An ogre (D:5)
  A centaur (D:5)
  2 phantoms (D:6)
  A kobold brigand (D:4)
  A gnoll sergeant (D:5)
  A bullfrog (D:6)
  A necrophage (D:5)
  3 scorpions
  6 killer bees (D:5)
  A howler monkey (D:6)
  5 hounds
  Crazy Yiuf (D:2)
  3 jellies
  An orc priest (D:7)
  Jessica (D:3)
  Natasha (thrice) (D:2)
  7 iguanas
  3 orc wizards (D:7)
  13 gnolls
  16 adders
  A shadow imp (D:6)
  A white imp (D:5)
  2 ufetubi (D:5)
  3 worms
  A dart slug (D:4)
  24 orcs
  10 ball pythons
  6 bats
  12 endoplasms
  7 giant cockroaches
  8 goblins
  7 hobgoblins
  2 jackals (D:2)
  3 quokkas
  2 frilled lizards (D:1)
  6 kobolds
  4 rats
178 creatures vanquished.

Vanquished Creatures (others)
  A fungus (D:2)
1 creature vanquished.

Grand Total: 179 creatures vanquished

Notes
Turn   | Place    | Note
-------+----------+-------------------------------------------
     0 | D:1      | Newt the Demonspawn Gladiator began the quest for the Orb.
     0 | D:1      | Reached XP level 1. HP: 16/16 MP: 1/1
    65 | D:1      | Reached skill level 1 in Stealth
   128 | D:1      | Gained mutation: You may rarely emit foul miasma when
                  | damaged in melee. [demonic ancestry]
   128 | D:1      | Reached XP level 2. HP: 11/22 MP: 2/2
   146 | D:1      | Reached skill level 2 in Stealth
   422 | D:1      | Got the Spellbook of Snow-white Clouds
  1020 | D:2      | Gained mutation: You have a somewhat thin skeletal
                  | structure. (Dex +2, Stealth+) [demonic ancestry]
  1020 | D:2      | Reached XP level 3. HP: 27/27 MP: 3/3
  1070 | D:2      | Reached skill level 3 in Stealth
  1223 | D:2      | Noticed Natasha
  1234 | D:2      | Killed Natasha
  1235 | D:2      | Gained mutation: You have sharp fingernails. [demonic
                  | ancestry]
  1235 | D:2      | Reached XP level 4. HP: 24/34 MP: 4/4
  1495 | D:2      | Found a faded altar of an unknown god.
  1626 | D:2      | Prayed at the altar of an unknown god.
  1626 | D:2      | Became a worshipper of Fedhas Madash
  1626 | D:2      | Reached * piety under Fedhas
  1705 | D:2      | Noticed Natasha
  1711 | D:2      | Killed Natasha
  1736 | D:2      | Found a runed translucent door.
  1737 | D:2      | Noticed Crazy Yiuf
  2021 | D:2      | Killed Crazy Yiuf
  2022 | D:2      | Reached XP level 5. HP: 23/42 MP: 5/5
  2097 | D:2      | Noticed Natasha
  2103 | D:2      | Killed Natasha
  2240 | D:3      | Noticed Sigmund
  2309 | D:3      | Killed Sigmund
  2310 | D:3      | Reached XP level 6. HP: 39/48 MP: 6/6
  2561 | D:3      | Noticed Grinder
  2576 | D:3      | Killed Grinder
  2577 | D:3      | Reached skill level 4 in Stealth
  2577 | D:3      | Reached XP level 7. HP: 38/54 MP: 7/7
  2587 | D:3      | Noticed Jessica
  2592 | D:3      | Killed Jessica
  2813 | D:3      | Found a stormy altar of Qazlal.
  2883 | D:3      | Reached ** piety under Fedhas
  3192 | D:4      | Reached skill level 5 in Stealth
  3347 | D:4      | Found a staircase to the Ecumenical Temple.
  3782 | D:4      | Reached skill level 6 in Stealth
  3799 | D:4      | Reached *** piety under Fedhas
  4014 | D:5      | Entered Level 5 of the Dungeon
  4014 | D:5      | Found a sparkling altar of Nemelex Xobeh.
  4033 | D:5      | Reached skill level 5 in Short Blades
  4135 | D:5      | Gained mutation: You have a pair of small horns on your
                  | head. [potion of mutation]
  4135 | D:5      | Gained mutation: Your spells are a little harder to cast,
                  | but a little more powerful. [potion of mutation]
  4136 | D:5      | Lost mutation: You have a pair of small horns on your head.
                  | [potion of mutation]
  4136 | D:5      | Lost mutation: Your spells are a little harder to cast, but
                  | a little more powerful. [potion of mutation]
  4136 | D:5      | Gained mutation: Your body sometimes deteriorates upon
                  | taking damage. [potion of mutation]
  4137 | D:5      | Lost mutation: Your body sometimes deteriorates upon taking
                  | damage. [potion of mutation]
  4137 | D:5      | Gained mutation: Armour fits poorly on your strangely
                  | shaped body. [potion of mutation]
  4186 | D:5      | Gained mutation: You are partially covered in sharp spines.
                  | [demonic ancestry]
  4186 | D:5      | Reached XP level 8. HP: 53/60 MP: 8/8
  4645 | D:5      | Reached skill level 5 in Fighting
  5020 | D:5      | Reached skill level 1 in Armour
  5321 | D:5      | Gained mutation: You are mostly covered in sharp spines.
                  | [demonic ancestry]
  5321 | D:5      | Reached XP level 9. HP: 46/69 MP: 9/9
  5713 | D:6      | Reached **** piety under Fedhas
  5719 | D:6      | Reached skill level 5 in Armour
  5982 | D:6      | Found a bloodstained altar of Trog.
  6495 | D:7      | Reached skill level 7 in Stealth
  6922 | D:7      | Noticed Joseph
  6934 | D:7      | Slain by Joseph

Illustrated notes

Levels and vault maps discovered:
D:1:      minmay_arrival_diagonal_passages, layout_rooms, serial_rivers,
          chequers_serial_rivers_room_b, chequers_serial_rivers_small_a,
          chequers_serial_rivers_micro_c, chequers_serial_rivers_small_3,
          chequers_serial_rivers_large_a, chequers_serial_rivers_marsh,
          minmay_fountain_box
D:2:      layout_loops_ring, ebering_ecumenical_altar_box, minmay_puff,
          uniq_crazy_yiuf_cottage, uniq_natasha
D:3:      layout_loops_corners, grunt_qazlal_sundering, uniq_sigmund,
          uniq_grinder, uniq_jessica
D:4:      layout_loops_ring, minmay_temple_entry_junction_2,
          minmay_snake_closets
D:5:      cheibrodos_barr_body, layout_loops_cross,
          mainiacjoe_overflow_small_starburst, nrook_mini_vaults,
          grunt_decor_mini_mirrors
D:6:      layout_cave_pools, lemuel_doored_altar, serial_glass, glass_columns_b,
          glass_columns_a, minmay_misc_feat_columns
D:7:      minmay_inner_zag, layout_basic, tso_oasis_becter, minivault_24,
          uniq_maggie, uniq_joseph

Skill      XL: |  1  2  3  4  5  6  7  8  9 |
---------------+----------------------------+-----
Stealth        | 1 2 3 4 6 7 |  7.5
Fighting       | 4 6 |  6.0
Short Blades   | 4 5 6 |  6.0
Dodging        | 3 4 |  4.0
Armour         | 4 6 |  6.0
Throwing       | |  1.7

Action                   |  1- 3 |  4- 6 |  7- 9 || total
-------------------------+-------+-------+-------++-------
Melee: Rapier            |    92 |   108 |   292 ||   492
       Punch             |     1 |       |     5 ||     6
       Dagger            |       |       |     3 ||     3
Throw: Throwing net      |       |     3 |       ||     3
       Javelin           |       |     1 |     1 ||     2
  Use: Scroll            |     5 |     2 |    10 ||    17
       Potion            |       |     2 |     9 ||    11
 Stab: Sleeping          |     7 |     6 |    30 ||    43
       Held in net/web   |       |     1 |       ||     1
       Distracted        |       |     1 |     1 ||     2
Armor: Leather armour    |    32 |    43 |    51 ||   126
       Acid dragon scale |       |       |    19 ||    19
Dodge: Dodged            |    92 |    76 |   208 ||   376

Table legend: (Time is in decaauts)
 A = Elapsed time spent in this place.
 B = Non-inter-level travel time spent in this place.
 C = Inter-level travel time spent in this place.
 D = Time resting spent in this place.
 E = Time spent auto-exploring this place.
 F = Levels seen in this place.
 G = Mean time per level.
                   A        B        C        D        E       F      G
               +--------+--------+--------+--------+--------+-----+--------+
         Total |   6982 |   6728 |    254 |   1275 |   4263 |   7 |  997.4 |
       Dungeon |   6982 |   6728 |    254 |   1275 |   4263 |   7 |  997.4 |
               +--------+--------+--------+--------+--------+-----+--------+

Top non-repeatable levels by time:
     D:5: 1665 daAuts
     D:2: 1189 daAuts
     D:1: 1025 daAuts
     D:3: 1014 daAuts
     D:4: 851 daAuts
     D:6: 646 daAuts
     D:7: 589 daAuts
